 Dungeon Crawl Stone Soup version 0.19-a0-1908-g43c011f (webtiles) character file.

139113 Leibowitz the Spry (level 17, -2/113 HPs)
             Began as a Kobold Berserker on Oct 21, 2016.
             Was the Champion of Trog.
             Slain by a merfolk aquamancer
             ... wielding a +0 rapier of flaming
              (11 damage)
             ... on level 4 of the Shoals.
             The game lasted 02:11:27 (35388 turns).

Leibowitz the Spry (Kobold Berserker)              Turns: 35388, Time: 02:11:29

Health: -2/113     AC: 24    Str: 20    XL:     17   Next: 87%
Magic:  9/9        EV: 27    Int:  4    God:    Trog [******]
Gold:   2380       SH:  0    Dex: 23    Spells: 0 memorised, 16 levels left

rFire  . . .     SeeInvis +     a - +10 quick blade (antimagic)
rCold  . . .     Gourm    .     y - +8 scale mail of Puqarint {Str+2 Int-4 Dex+4}
rNeg   . . .     Faith    .     Q - +4 shield "Homiow" {+Fly rCorr SInv}
rPois  .         Spirit   .     W - +1 hat
rElec  .         Reflect  +     X - +0 cloak
rCorr  +         Harm     .     f - +2 pair of gloves {Str+3}
MR     ++...                    S - +2 pair of boots {Stlth+}
Stlth  ++........               h - +4 amulet of reflection
                                g - ring of magical power
                                D - ring of protection from magic

@: confused
A: carnivore 3, deterioration 1, mutation resistance 1, weak 1, sturdy frame 1
a: Berserk, Trog's Hand, Brothers in Arms, Burn Spellbooks, Renounce Religion,
Evoke Flight


You were on level 4 of the Shoals.
You worshipped Trog.
Trog was exalted by your worship.
You were very full.

You visited 7 branches of the dungeon, and saw 30 of its levels.
You also visited: Ossuary.

You collected 2929 gold pieces.
You spent 549 gold pieces at shops.

Inventory:

Hand Weapons
 a - a +10 antimagic quick blade (weapon)
 b - a +0 blowgun
 k - a +7 quick blade
 T - the +5 scimitar of Destiny {vamp, MR+ Str+4}
   (You bought it in a shop on level 2 of the Orcish Mines)

   It inflicts no extra harm, but heals its wielder when it wounds a living foe.
   It affects your strength (+4).
   It affects your resistance to hostile enchantments.
Missiles
 o - 13 needles of sleeping
 s - 6 needles of paralysis
 z - 4 needles of confusion
 V - 3 throwing nets (quivered)
Armour
 f - a +2 pair of gloves of strength (worn)
 y - the +8 scale mail of Puqarint (worn) {Str+2 Int-4 Dex+4}
   (You found it on level 11 of the Dungeon)

   It affects your strength (+2).
   It affects your intelligence (-4).
   It affects your dexterity (+4).
 F - the +3 shield "Xaolewkoh" {Str+4 Dex+4 SInv}
   (You found it on level 15 of the Dungeon)

   It affects your strength (+4).
   It affects your dexterity (+4).
   It lets you see invisible.
 Q - the +4 shield "Homiow" (worn) {+Fly rCorr SInv}
   (You took it off Donald on level 2 of the Shoals)

   It lets you see invisible.
   It lets you fly.
   It protects you from acid and corrosion.
 S - a +2 pair of boots of stealth (worn)
 W - a +1 hat (worn)
 X - a +0 cloak (worn)
Jewellery
 g - a ring of magical power (right hand)
 h - a +4 amulet of reflection (around neck)
 i - an uncursed ring of protection from magic
 D - a ring of protection from magic (left hand)
Wands
 n - a wand of acid (9/15)
 r - a wand of iceblast (7/15)
 x - a wand of teleportation (3/9)
 E - a wand of digging (15/24)
 R - a wand of flame (24/48)
Scrolls
 e - 7 scrolls of recharging
 l - 5 scrolls of identify
 q - 11 scrolls of remove curse
 w - 6 scrolls of teleportation
 J - a scroll of enchant armour
 L - 4 scrolls of blinking
 O - 4 scrolls of magic mapping
 P - 2 scrolls of holy word
 Y - a scroll of silence
Potions
 d - 4 potions of flight
 m - 5 potions of brilliance
 t - 2 potions of resistance
 u - 2 potions of berserk rage
 v - 2 potions of haste
 A - a potion of ambrosia
 B - 11 potions of curing
 C - 6 potions of agility
 H - 4 potions of lignification
 I - 2 potions of might
 N - 2 potions of magic
 U - a potion of invisibility
Comestibles
 c - a meat ration
 j - 2 royal jellies
 p - 3 chunks of flesh
 G - 6 beef jerkies
 Z - a slice of pizza


   Skills:
 * Level 15.4 Fighting
 - Level 14.6(14.7) Short Blades
 + Level 1.4(6.5) Long Blades
 + Level 4.6 Throwing
 + Level 7.2 Armour
 * Level 16.7 Dodging
 + Level 15.0 Stealth
 + Level 11.7 Shields
 + Level 3.6 Evocations


You had 16 spell levels left.
You didn't know any spells.

Dungeon Overview and Level Annotations

Branches:
Dungeon (15/15)            Temple (1/1) D:5            Lair (6/6) D:9
 Shoals (4/4) Lair:2        Snake (0/4) Lair:3        Slime (0/5) Lair:5
    Orc (2/2) D:11            Elf (1/3) Orc:2        Vaults (0/5) D:13
 Depths (1/5) D:15

Altars:
Ashenzari
Kikubaaqudgha
Makhleb
Okawaru
Sif Muna
Yredelemnul
Beogh
Jiyva

Shops:
D:5 :   D:8 *(   D:14 }   Orc:1 (   Orc:2 ([*:   Shoals:4 !

Annotations:
Shoals:4 Ilsuiw


Innate Abilities, Weirdness & Mutations

You are small and have problems with some larger weapons.
You are carnivorous and can eat meat at any time.
Your body sometimes deteriorates upon taking damage.
You are somewhat resistant to further mutation.
You are weak. (Str -2)
Your movements are slightly less encumbered by armour. (ER -2)


Message History

You hit the merfolk aquamancer.
The merfolk aquamancer's magic leaks into the air.
The merfolk aquamancer is lightly wounded.
The merfolk hits you but does no damage.
The merfolk aquamancer hits you with a rapier of flaming!
* * * LOW HITPOINT WARNING * * *
The merfolk aquamancer burns you.
* * * LOW HITPOINT WARNING * * *
The dream sheep shake their wool and sparkle.
You feel drowsy...
You fall asleep.
The merfolk misses you.
The merfolk aquamancer closely misses you.
The merfolk barely misses you. The merfolk closely misses you.
Your skin stops crawling.
You feel less resistant to hostile enchantments.
The dream sheep closely misses you.
The merfolk aquamancer hits you with a rapier of flaming!!
You wake up.
* * * LOW HITPOINT WARNING * * *
The merfolk aquamancer burns you!
You die...

### ≈≈≈.....≈≈≈≈≈..
..........≈≈≈≈≈..
...........≈≈≈≈≈...
............≈≈≈≈...≈≈
............≈≈≈≈≈..≈≈≈≈≈≈≈≈
.....∩(............≈≈≈≈≈≈≈≈
........m.............≈≈≈≈≈
..)....)Ym@...........≈≈≈≈≈
.......≈≈Ym...........≈≈≈≈≈
.......≈.Y.).........≈≈≈≈≈≈
%..........)..!....##≈≈≈≈≈≈
≈≈≈≈...............##...≈≈≈
≈≈≈≈........†)..........≈≈≈
≈≈≈≈≈.......†.(.........≈≈≈
≈≈≈≈≈≈......†........##..≈≈
≈≈≈≈≈≈≈≈..#####......##...≈


You could see a merfolk aquamancer, 2 merfolk and 3 dream sheep.

Vanquished Creatures
  Gastronok (Lair:3)
  The ghost of Promi the Eclecticist, an adept SpEE of Sif Muna (Shoals:4)
  Donald (Shoals:2)
  An orc warlord (Orc:2)
  A dire elephant (D:15)
  Snorg (Orc:2)
  An ettin (Orc:1)
  6 merfolk impalers
  3 merfolk javelineers (Shoals:4)
  2 fire dragons
  4 vault guards (D:13)
  6 hydras
  3 centaur warriors
  2 catoblepae
  An alligator snapping turtle (Shoals:3)
  2 merfolk aquamancers
  3 merfolk avatars
  A death knight (D:11)
  A tengu warrior (D:13)
  9 death yaks
  5 orc high priests
  Urug (D:15)
  A deep elf knight (Orc:2)
  8 sea snakes
  2 unseen horrors (D:13)
  Pikel (D:5)
  The ghost of Duomerus the Chopper, a novice MiFi of Okawaru (D:7)
  9 hill giants
  A harpy (Shoals:4)
  3 orc sorcerers (Orc:2)
  A deep elf mage (D:15)
  6 orc knights
  3 wolf spiders
  2 fauns
  9 manticores
  9 cyclopes
  9 ugly things
  A salamander (D:15)
  A guardian serpent (Lair:6)
  5 sirens
  14 black mambas
  3 water nymphs
  2 gargoyles
  13 spiny frogs
  11 komodo dragons
  2 kobold demonologists (D:11)
  3 rime drakes (Lair:6)
  A freezing wraith (D:15)
  10 merfolk
  8 wind drakes
  A polar bear (Lair:6)
  8 trolls
  2 two-headed ogres
  A blink frog (shapeshifter) (D:15)
  4 hornets (Lair:6)
  4 blink frogs (Lair:4)
  A meliai zombie (D:14)
  17 slime creatures
  10 hippogriffs
  13 dream sheep
  2 redbacks (Lair:6)
  9 snapping turtles
  5 water elementals
  3 shadows
  12 wyverns
  A wraith (D:12)
  44 yaks
  4 hogs (D:7)
  2 vampires
  A human (D:7)
  3 hungry ghosts
  3 steam dragons
  5 basilisks
  3 vampire mosquitoes (D:13)
  A mottled dragon (D:14)
  2 soldier ants
  5 nagas (Lair:3)
  18 water moccasins
  Duvessa (D:7)
  4 porcupines
  An ice beast (D:6)
  47 orc warriors
  2 phantoms
  2 swamp drakes (Lair:6)
  A slave (D:4)
  A black bear (D:10)
  A hornet zombie (D:15)
  A necrophage (D:14)
  3 sky beasts
  11 ogres
  4 eyes of draining
  18 centaurs
  13 crocodiles
  16 wolves
  21 big kobolds
  14 bullfrogs
  10 scorpions
  Dowan (D:7)
  10 killer bees
  18 wights
  7 crimson imps
  7 centaur zombies
  2 bullfrog zombies
  5 hounds
  A quasit (D:11)
  A bullfrog skeleton (D:13)
  5 centaur skeletons
  5 jellies
  27 orc priests
  33 orc wizards
  6 iguanas
  15 worker ants
  A big kobold zombie (Ossuary)
  A howler monkey zombie (D:11)
  6 mummies (Ossuary)
  A worker ant zombie (D:8)
  12 gnolls
  13 adders
  2 river rats (Lair:6)
  5 shadow imps
  An ooze (D:2)
  An adder skeleton (D:10)
  4 worms
  2 dart slugs
  7 leopard geckos
  96 orcs
  10 giant cockroaches
  15 goblins
  A hobgoblin (D:3)
  6 jackals
  21 kobolds
  4 quokkas
  A ball python (D:2)
  8 bats
  7 frilled lizards
  2 gnoll zombies (D:5)
  7 hobgoblin zombies (Ossuary)
  A jackal skeleton (D:5)
  A quokka zombie (D:6)
  6 rats
  A fungus (D:9)
936 creatures vanquished.

Vanquished Creatures (collateral kills)
  A catoblepas (Lair:6)
1 creature vanquished.

Vanquished Creatures (others)
  Nessos (Orc:2)
  2 centaurs
  A gnoll sergeant (D:5)
  2 orc wizards (D:9)
  2 gnolls (D:5)
  17 fungi
  52 plants (Lair:6)
77 creatures vanquished.

Grand Total: 1014 creatures vanquished

Notes
Turn   | Place    | Note
-------+----------+-------------------------------------------
     0 | D:1      | Leibowitz the Kobold Berserker began the quest for the Orb.
     0 | D:1      | Reached XP level 1. HP: 14/14 MP: 1/1
   123 | D:1      | Reached XP level 2. HP: 13/19 MP: 2/2
   966 | D:1      | Reached XP level 3. HP: 20/24 MP: 3/3
  1606 | D:2      | Found a shattered altar of Ashenzari.
  1623 | D:2      | Reached skill level 3 in Dodging
  1732 | D:2      | Reached ** piety under Trog
  1756 | D:2      | Reached skill level 1 in Stealth
  1818 | D:2      | Reached XP level 4. HP: 18/29 MP: 4/4
  1866 | D:2      | You fall through a shaft for 2 floors!
  2093 | D:4      | Noticed an ogre
  2199 | D:4      | Reached skill level 5 in Short Blades
  2203 | D:4      | Reached XP level 5. HP: 21/33 MP: 5/5
  2445 | D:4      | Noticed an ogre
  2459 | D:4      | Reached skill level 4 in Dodging
  2465 | D:4      | Killed an ogre
  2465 | D:4      | Reached XP level 6. HP: 39/39 MP: 6/6
  2548 | D:4      | Killed an ogre
  2895 | D:3      | Reached skill level 1 in Shields
  2895 | D:3      | Reached XP level 7. HP: 36/44 MP: 7/7
  3251 | D:3      | Reached *** piety under Trog
  3633 | D:3      | Reached skill level 5 in Dodging
  3701 | D:3      | HP: 2/44 [poisoned by an adder]
  4895 | D:5      | Entered Level 5 of the Dungeon
  4985 | D:5      | Found a staircase to the Ecumenical Temple.
  5012 | Temple   | Entered the Ecumenical Temple
  5524 | D:5      | Noticed Pikel
  5782 | D:5      | Killed Pikel
  5782 | D:5      | Reached skill level 5 in Fighting
  5782 | D:5      | Reached skill level 6 in Dodging
  5782 | D:5      | Reached skill level 5 in Stealth
  5782 | D:5      | Reached XP level 8. HP: 19/49 MP: 8/8
  6159 | D:5      | Found Zuad's Book Shoppe.
  6203 | D:5      | Found a basalt altar of Yredelemnul.
  6775 | D:6      | Reached XP level 9. HP: 49/55 MP: 9/9
  6785 | D:6      | Reached skill level 7 in Dodging
  7671 | D:6      | Reached **** piety under Trog
  7706 | D:6      | Reached skill level 8 in Dodging
  7782 | D:7      | Noticed Dowan
  7786 | D:7      | Killed Dowan
  7787 | D:7      | Noticed Duvessa
  7821 | D:7      | Killed Duvessa
  8052 | D:7      | Reached XP level 10. HP: 33/61 MP: 10/10
  8064 | D:7      | Reached skill level 9 in Dodging
  8064 | D:7      | Reached skill level 5 in Shields
  8269 | D:7      | Gained mutation: You are somewhat resistant to further mutation. [potion of beneficial mutation]
  8272 | D:7      | Gained mutation: Your movements are slightly less encumbered by armour. (ER -2) [potion of mutation]
  8435 | D:7      | Found a deep blue altar of Sif Muna.
  8509 | D:7      | Noticed Duomerus's ghost (novice MiFi)
  8547 | D:7      | Killed Duomerus's ghost
  8547 | D:7      | Reached skill level 1 in Evocations
  8632 | D:8      | Noticed a hill giant
  8668 | D:8      | Killed a hill giant
  8668 | D:8      | Reached skill level 10 in Dodging
  8689 | D:8      | Found an iron altar of Okawaru.
  8881 | D:8      | Found Piteex's General Store.
  8948 | D:8      | Found Taevi's Antique Weapon Emporium.
  8982 | D:8      | Found a sand-covered staircase.
  8990 | Ossuary  | Entered an ossuary
  9334 | Ossuary  | Reached ***** piety under Trog
  9633 | D:8      | Found a burning altar of Makhleb.
 10025 | D:8      | Reached XP level 11. HP: 25/67 MP: 12/12
 10677 | D:9      | Found a staircase to the Lair.
 10827 | D:9      | Reached skill level 1 in Throwing
 11455 | D:10     | Entered Level 10 of the Dungeon
 11500 | D:10     | Found an ancient bone altar of Kikubaaqudgha.
 11633 | D:10     | Reached skill level 11 in Dodging
 12356 | D:11     | Got a warped scale mail
 12367 | D:11     | Identified the +8 scale mail of Puqarint {Str+2 Int-4 Dex+4} (You found it on level 11 of the Dungeon)
 12382 | D:11     | Noticed a hill giant
 12385 | D:11     | Killed a hill giant
 12394 | D:11     | Found a staircase to the Orcish Mines.
 12394 | D:11     | Noticed a cyclops
 12421 | D:11     | Killed a cyclops
 12421 | D:11     | Received a gift from Trog
 12424 | D:11     | Got a faintly glowing rapier {god gift}
 12428 | D:11     | Identified the +5 rapier of Umualua {drain, Fragile rF+ rC+ Dex+4} (Trog gifted it to you on level 11 of the Dungeon)
 12434 | D:11     | Noticed a hill giant
 12565 | D:11     | Killed a hill giant
 12565 | D:11     | Reached skill level 10 in Short Blades
 12663 | D:11     | Reached skill level 10 in Stealth
 12744 | D:11     | Reached XP level 12. HP: 56/75 MP: 13/13
 13036 | D:11     | Noticed a centaur warrior
 13051 | D:11     | Killed a centaur warrior
 13250 | D:11     | Noticed a soul eater
 13260 | D:11     | Reached skill level 12 in Dodging
 13467 | D:11     | Noticed a death knight
 13492 | D:11     | Killed a death knight
 13563 | Orc:1    | Entered Level 1 of the Orcish Mines
 13563 | Orc:1    | Found Poadghaty's Weapon Shoppe.
 13602 | D:11     | Received a gift from Trog
 14051 | Orc:2    | Entered Level 2 of the Orcish Mines
 14082 | Orc:1    | Noticed Snorg
 14125 | Orc:2    | Killed Snorg
 14338 | Orc:2    | Noticed an orc high priest
 14341 | Orc:2    | Noticed a sun demon
 14507 | Orc:1    | Killed an orc high priest
 14507 | Orc:1    | Reached XP level 13. HP: 73/82 MP: 14/14
 14533 | Orc:2    | Reached skill level 10 in Fighting
 14827 | Orc:2    | Found a staircase to the Elven Halls.
 14840 | Orc:2    | Noticed an ettin
 14879 | Orc:1    | Killed an ettin
 15271 | Orc:2    | Noticed Nessos
 15320 | Orc:2    | Reached skill level 13 in Dodging
 15592 | Orc:2    | Received a gift from Trog
 15622 | Orc:2    | Found a roughly hewn altar of Beogh.
 16353 | Lair:1   | Entered Level 1 of the Lair of Beasts
 17067 | Lair:1   | Reached ****** piety under Trog
 17379 | Lair:2   | Noticed a seven-headed hydra
 17385 | Lair:2   | Killed a seven-headed hydra
 17441 | Lair:2   | Found a staircase to the Shoals.
 17451 | Shoals:1 | Entered Level 1 of the Shoals
 17768 | Shoals:1 | Received a gift from Trog
 17844 | Shoals:1 | Noticed a merfolk impaler
 17862 | Shoals:1 | Killed a merfolk impaler
 17892 | Shoals:1 | Reached XP level 14. HP: 72/90 MP: 5/15
 19027 | Lair:3   | Noticed Gastronok
 19053 | Lair:3   | Killed Gastronok
 20221 | Lair:3   | Found a staircase to the Snake Pit.
 20497 | Lair:3   | Reached skill level 14 in Dodging
 21642 | Lair:5   | Reached skill level 5 in Armour
 21870 | Lair:5   | Received a gift from Trog
 22341 | Lair:5   | Found a viscous altar of Jiyva.
 22341 | Lair:5   | Found a staircase to the Slime Pits.
 22546 | Lair:6   | Entered Level 6 of the Lair of Beasts
 22569 | Lair:6   | Reached XP level 15. HP: 97/97 MP: 5/17
 22593 | Lair:6   | Received a gift from Trog
 22647 | Lair:6   | Got a pitted leather armour
 22658 | Lair:6   | Identified the +3 leather armour of Tartarus {*Contam rC++ Str+3 Dex+3} (You found it on level 6 of the Lair of Beasts)
 22673 | Lair:6   | Gained mutation: You are weak. (Str -2) [mutagenic glow]
 23780 | Lair:6   | HP: 2/145 [fire dragon (6)]
 24231 | Lair:6   | Received a gift from Trog
 24613 | Lair:6   | Reached skill level 15 in Dodging
 26309 | D:12     | Received a gift from Trog
 26370 | D:12     | Got a warped chain mail
 26381 | D:12     | Identified the +7 chain mail "Ufoduy Heapp" {Dex+4} (You found it on level 12 of the Dungeon)
 27146 | D:13     | Received a gift from Trog
 27147 | D:13     | Found a runed door.
 27179 | D:13     | Reached skill level 10 in Shields
 27179 | D:13     | Reached XP level 16. HP: 104/104 MP: 7/18
 27380 | D:13     | Found a gate to the Vaults.
 28265 | D:13     | Got a brightly glowing robe
 28528 | D:13     | Identified the +2 robe of Makhleb's Regard {*Contam MP+9 Int+4} (You found it on level 13 of the Dungeon)
 28587 | D:13     | Gained mutation: Your body sometimes deteriorates upon taking damage. [mutagenic glow]
 28971 | D:14     | Received a gift from Trog
 29376 | D:14     | Found Epiateu's Gadget Shoppe.
 29458 | D:15     | Entered Level 15 of the Dungeon
 29459 | D:15     | Upgraded the game from 0.19-a0-1905-ge8b2aad to 0.19-a0-1908-g43c011f
 29624 | D:15     | Got an ancient shield
 29635 | D:15     | Identified the +3 shield "Xaolewkoh" {Str+4 Dex+4 SInv} (You found it on level 15 of the Dungeon)
 29996 | D:15     | Noticed Urug
 30024 | D:15     | Killed Urug
 30111 | D:15     | Found a staircase to the Depths.
 31112 | Orc:2    | Killed Nessos
 31242 | Orc:2    | Reached XP level 17. HP: 112/112 MP: 9/19
 31285 | Orc:2    | Received a gift from Trog
 31743 | Orc:2    | Found Peghobum's Antique Armour Shop.
 31744 | Orc:2    | Found Lali's Antique Weapon Shop.
 31745 | Orc:2    | Found Qithrot's General Store.
 31745 | Orc:2    | Found Qaunull's Book Boutique.
 31759 | Orc:2    | Bought a pair of embroidered boots for 315 gold pieces
 31765 | Orc:2    | Bought a faintly glowing scimitar for 234 gold pieces
 31765 | Orc:2    | Identified the +5 scimitar of Destiny {vamp, MR+ Str+4} (You bought it in a shop on level 2 of the Orcish Mines)
 31848 | Orc:2    | Received a gift from Trog
 31854 | Orc:2    | Reached skill level 16 in Dodging
 31893 | Elf:1    | Entered Level 1 of the Elven Halls
 32051 | Depths:1 | Entered Level 1 of the Depths
 32603 | Shoals:2 | Reached skill level 1 in Long Blades
 32708 | Shoals:2 | Noticed Donald
 32782 | Shoals:2 | Killed Donald
 32845 | Shoals:2 | Got a pitted shield
 32856 | Shoals:2 | Identified the +4 shield "Homiow" {+Fly rCorr SInv} (You took it off Donald on level 2 of the Shoals)
 33209 | Shoals:2 | Reached skill level 15 in Fighting
 33448 | Shoals:2 | You fall through a shaft!
 33461 | Shoals:3 | Got a crystal dagger
 33755 | Shoals:3 | Identified the +5 dagger of the Thoughtful Runes {drain, Fragile rElec rC+ Dex+7} (You found it on level 3 of the Shoals)
 34284 | Shoals:3 | Reached skill level 15 in Stealth
 34710 | Shoals:3 | Received a gift from Trog
 34870 | Shoals:4 | Entered Level 4 of the Shoals
 35107 | Shoals:4 | Noticed Ilsuiw
 35117 | Shoals:4 | Noticed Promi's ghost (adept SpEE)
 35156 | Shoals:4 | Killed Promi's ghost
 35159 | Shoals:4 | HP: 3/113 [merfolk impaler/trident of freezing (3)]
 35159 | Shoals:4 | HP: 1/113 [merfolk impaler/trident of freezing (2)]
 35303 | Shoals:4 | Found Didebor's Distillery.
 35388 | Shoals:4 | Slain by a merfolk aquamancer

Vault maps used:
D:1:      lemuel_arrival_rhombus
D:2:      evilmike_ruin_ashenzari
D:4:      first_bread, hangedman_decor_clover_reticule,
          kennysheep_generic_room_8
D:5:      lemuel_zombie_altar_yredelemnul, serial_shops,
          nicolae_shop_behind_doors, uniq_pikel
D:7:      grunt_temple_overflow_open, grunt_livestock, led_sif_book,
          uniq_duvessa, uniq_crazy_yiuf_cottage
D:8:      makhleb_heckhound_becter, lightli_ossuary_entry_decrepit_ruins,
          serial_shops, shop, nicolae_shop_behind_doors, okawaru_gym_becter
D:9:      dpeg_oklobed_lair
D:10:     basic_altar
D:11:     orc_0_dummy
D:12:     nicolae_two_hexagons
D:13:     lightli_vaults_fourway_checkpoint, minmay_st_funbox
D:14:     serial_park_tiny_2, serial_shops,
          nicolae_shop_temple_entry_statues_fountains
D:15:     hangedman_depths_entry_try_elsewhere_first, uniq_urug
Temple:   regret_index_temple_generic_petals
Lair:1:   grunt_megastairs_3, serial_bayou_shore_b
Lair:2:   shoals_dummy_entry
Lair:3:   minmay_snake_entry_guardpost_medium, uniq_gastronok
Lair:5:   dpeg_slime_entry_enclosed_altar, grunt_megastairs_2,
          lemuel_fruit_fields
Lair:6:   guppyfry_lair_end_dragon, hangedman_lair_tendril_chambers
Shoals:2: yaktaur_hedge, uniq_donald
Shoals:3: nicolae_shoals_loop_pool
Shoals:4: shoals_end_simple, shoal_ilsuiw, serial_shops, shop
Orc:1:    serial_shops, nicolae_shop_trees, uniq_snorg
Orc:2:    st_orc_congregation, special_room, basic_altar,
          nicolae_orc_stony_grotto, uniq_nessos
Elf:1:    minmay_elf_demonology, minmay_elf_necromancy, uniq_kirke
Depths:1: hell_entry, abyss_entry, cheibriados_altar_1,
          hangedman_abyss_or_decor_lesser_grid, grunt_ministairs_11,
          minivault_22, wad_floor_pattern_untrapped, pandoras_box_mu,
          serial_bayou_shore_a, uniq_jorgrun
Ossuary:  ossuary_the_hunt_dpeg

Skill      XL: |  1  2  3  4  5  6  7  8  9 10 11 12 13 14 15 16 17 |
---------------+----------------------------------------------------+-----
Dodging        | 3 4 6 8 10 11 12 13 14 15 16 | 16.7
Stealth        | 1 2 3 5 6 8 10 12 13 14 15 | 15.0
Short Blades   | 5 6 7 8 9 10 11 12 13 14 | 14.6
Fighting       | 4 5 6 7 8 9 11 12 13 14 15 | 15.4
Shields        | 1 2 3 4 6 7 8 9 10 11 | 11.7
Evocations     | 1 2 3 |  3.6
Throwing       | 1 2 3 4 |  4.6
Armour         | 2 3 5 6 7 |  7.2
Long Blades    | 1 |  1.4

Action                   |  1- 3 |  4- 6 |  7- 9 | 10-12 | 13-15 | 16-18 || total
-------------------------+-------+-------+-------+-------+-------+-------++-------
Melee: Short sword       |   151 |   110 |   455 |       |       |       ||   716
       Dagger            |       |       |   100 |   662 |       |    22 ||   784
       Rapier            |       |       |       |   428 |   150 |       ||   578
       Quick blade       |       |       |       |       |  1790 |  1869 ||  3659
       Scimitar          |       |       |       |       |       |    18 ||    18
 Fire: Blowgun           |       |       |       |       |    37 |    15 ||    52
Throw: Throwing net      |       |       |       |    30 |    10 |     2 ||    42
Invok: Berserk           |       |     3 |     7 |     3 |     3 |     6 ||    22
       Trog's Hand       |       |       |     3 |       |     1 |     1 ||     5
       Burn Spellbooks   |       |       |       |     1 |     2 |     1 ||     4
       Brothers in Arms  |       |       |       |       |     1 |       ||     1
 Abil: Evoke Flight      |       |       |       |       |       |     3 ||     3
Evoke: Wand              |       |       |     3 |    12 |    12 |    26 ||    53
  Use: Scroll            |       |     4 |       |    16 |     5 |     5 ||    30
       Potion            |       |     1 |     2 |     4 |     2 |     5 ||    14
 Stab: Sleeping          |     5 |     3 |    11 |    18 |    37 |    30 ||   104
       Held in net/web   |       |       |       |    18 |    10 |     1 ||    29
       Distracted        |       |       |       |     5 |    10 |     6 ||    21
       Paralysed         |       |       |       |       |     2 |       ||     2
       Petrified         |       |       |       |       |       |     1 ||     1
  Eat: Chunk             |    11 |     6 |    20 |    34 |    44 |    36 ||   151
Armor: Animal skin       |    15 |     7 |    43 |     7 |       |       ||    72
       Leather armour    |       |       |       |    20 |       |       ||    20
       Scale mail        |       |       |       |    66 |   132 |   128 ||   326
Dodge: Dodged            |   106 |    47 |   308 |   499 |   565 |   485 ||  2010
Block: Other             |       |     3 |       |       |       |       ||     3
       Buckler           |       |    14 |   182 |   429 |   549 |   208 ||  1382
       Reflection        |       |       |     3 |    14 |    14 |    49 ||    80
       Shield            |       |       |       |       |       |   669 ||   669
       Rpst.: Scimitar   |       |       |       |       |       |     2 ||     2
